 Dungeon Crawl Stone Soup version 0.28-a0-1524-ge72afd5fc6 (webtiles) character file.

Game seed: 16251563606175188575

8 knot the Chopper (level 2, 22/24 HPs)
             Began as a Demonspawn Berserker on Jan 18, 2022.
             Was a Follower of Trog.
             Quit the game on level 1 of the Dungeon.
             The game lasted 00:00:14 (217 turns).

knot the Chopper (Demonspawn Berserker)              Turns: 217, Time: 00:00:15

Health: 22/24      AC:  2    Str: 17    XL:     2   Next: 0%
Magic:  2/2        EV: 12    Int:  8    God:    Trog [*.....]
Gold:   15         SH:  0    Dex: 12    Spells: 1/1 levels left

rFire   . . .      SeeInvis .   a - +0 hand axe
rCold   . . .      Faith    .   (no shield)
rNeg    . . .      Spirit   +   b - +0 animal skin
rPois   .          Reflect  .   (no helmet)
rElec   .          Harm     .   (no cloak)
rCorr   .          Rampage  .   (no gloves)
Will    .....                   (no boots)
Stlth   +.........              c - amulet of guardian spirit
HPRegen 0.08/turn               (no ring)
MPRegen 0.08/turn               (no ring)

@: no status effects
A: demonic magic 1
a: Renounce Religion, Berserk


You were on level 1 of the Dungeon.
You worshipped Trog.
Trog was aware of your devotion.
You visited 1 branch of the dungeon, and saw 1 of its levels.

You collected 15 gold pieces.

Inventory:

Hand Weapons
 a - a +0 hand axe (weapon)
Armour
 b - a +0 animal skin (worn)
Jewellery
 c - an amulet of guardian spirit (around neck)


   Skills:
 - Level 3.0 Fighting
 + Level 3.2 Axes
 - Level 1.7 Armour
 - Level 1.7 Dodging


You had one spell level left.
You didn't know any spells.
Your spell library was empty.

Dungeon Overview and Level Annotations

Branches:
Dungeon (1/15)

Altars:

Shops:
D:1 :


Innate Abilities, Weirdness & Mutations

Spells you cast may paralyse adjacent enemies.


Message History

A bat is nearby!
The bat barely misses you. The bat closely misses you.
The bat closely misses you.
You closely miss the bat. The bat closely misses you. The bat misses you.
You hit the bat.
You kill the bat!
Trog accepts your kill.
No target in view!
No target in view!
No target in view!
There is an entrance to Mataume's Book Shoppe here.
A hobgoblin comes into view.
A hobgoblin is nearby!
Found a stone staircase leading down.
A hobgoblin is nearby!
The hobgoblin shouts!
You hear a shout!
You hit the hobgoblin.
You kill the hobgoblin!
Trog accepts your kill.
A frilled lizard comes into view.
A kobold comes into view. It is wielding a +0 dagger.
You see here a hobgoblin corpse.
The frilled lizard hisses angrily.
You hit the kobold but do no damage. The kobold hits you with a +0 dagger.
There are monsters nearby!
You hit the kobold.
The kobold is heavily wounded.
You closely miss the frilled lizard.
The frilled lizard bites you but does no damage.
The kobold closely misses you.
You hit the kobold.
You kill the kobold!
Trog accepts your kill.
You hit the frilled lizard.
You kill the frilled lizard!
Trog accepts your kill.
You have reached level 2!
Your demonic ancestry asserts itself...
A menacing aura infuses your magic.
Are you sure you want to abandon this character and quit the game? (Confirm with "yes".)

#.......# ..#
#..###### ###
###.## ##...#
##..###
..###..###########
...............>...
............#......
...########@.......
.. #)†...... .
.........
...#......
..###...... ...
###### ####


There were no monsters in sight!

Vanquished Creatures
  A hobgoblin (D:1)
  3 jackals (D:1)
  A kobold (D:1)
  A bat (D:1)
  A frilled lizard (D:1)
7 creatures vanquished.

Notes
Turn   | Place    | Note
-------+----------+-------------------------------------------
     0 | D:1      | knot the Demonspawn Berserker began the quest for the Orb.
     0 | D:1      | Reached XP level 1. HP: 18/18 MP: 1/1
   149 | D:1      | Found Mataume's Book Shoppe.
   217 | D:1      | Gained mutation: Spells you cast may paralyse adjacent
                  | enemies. [demonic ancestry]
   217 | D:1      | Reached XP level 2. HP: 22/24 MP: 2/2
   217 | D:1      | Quit the game

Illustrated notes

Levels and vault maps discovered:
D:1:      lightli_arrival_noodles, layout_rooms,
          hellmonk_ecumenical_altar_lost_god, serial_shops, shop,
          hex_intersection, minmay_misc_feat_square, kennysheep_small_spiral,
          nrook_uturn, minmay_misc_feat_rows

Skill      XL: |  1 |
---------------+----+-----
Axes           | 3 |  3.2
Fighting       | |  3.0
Armour         | |  1.7
Dodging        | |  1.7

Action                   || total
-------------------------++-------
Melee: Hand axe          ||    13
Armor: Animal skin       ||     3
Dodge: Dodged            ||    16

Table legend: (Time is in decaauts)
 A = Elapsed time spent in this place.
 B = Non-inter-level travel time spent in this place.
 C = Inter-level travel time spent in this place.
 D = Time resting spent in this place.
 E = Time spent auto-exploring this place.
 F = Levels seen in this place.
 G = Mean time per level.
                   A        B        C        D        E       F      G
               +--------+--------+--------+--------+--------+-----+--------+
         Total |    218 |    218 |      0 |      0 |    176 |   1 |  218.0 |
       Dungeon |    218 |    218 |      0 |      0 |    176 |   1 |  218.0 |
               +--------+--------+--------+--------+--------+-----+--------+

Top non-repeatable levels by time:
     D:1: 218 daAuts
